[Event "Titled Tuesday Blitz December 27 Late 2022"]
[White "Eggleston, Thomas A"]
[Black "Desideri, Ricardo Maruchi"]
[WhiteFideId "412139"]
[BlackFideId "2110440"]
[WhiteElo "2215"]
[BlackElo "1959"]
[Result "1-0"]
[Round "03"]
[TimeControl "180+2"]
[Date "2022.12.27"]
[WhiteClock "0:00:20"]
[BlackClock "0:00:10"]

1. e4 c5 2. b3 d6 3. Bb2 Nf6 4. Nc3 e6 5. f4 Nc6 6. Bb5 Qc7 7. Qf3 a6 8. Bxc6+ bxc6 9. g4 h5 10. g5 Ng8 11. Nge2 Ne7 12. h4 d5 13. d4 cxd4 14. Nxd4 c5 15. Nde2 d4 16. Na4 Bb7 17. Ng3 Nf5 18. Nf1 Qc6 19. Nd2 Ne3 20. Rc1 Bd6 21. c3 dxc3 22. Bxc3 Bxf4 23. Bxg7 Rh7 24. Rxc5 Qd6 25. Bf6 Rc8 26. Rxc8+ Bxc8 27. e5 Qd3 28. Qc6+ Bd7 29. Qa8+ Bc8 30. Qxc8+ 1-0


[Site "https://www.chess.com"]

[Event "Titled Tuesday Blitz December 27 Late 2022"]
[White "Ezat, Mohamed"]
[Black "Vaibhav Jayant Raut"]
[WhiteFideId "10600906"]
[BlackFideId "5089034"]
[WhiteElo "2402"]
[BlackElo "2237"]
[Result "0-1"]
[Round "03"]
[TimeControl "180+2"]
[Date "2022.12.27"]
[WhiteClock "0:02:32"]
[BlackClock "0:01:56"]

1. d4 Nf6 2. c4 e6 3. Nc3 Bb4 4. e3 O-O 5. a3 Bxc3+ 6. bxc3 d5 7. cxd5 exd5 8. Bd3 c5 9. f3 b6 10. Ne2 Re8 11. O-O Nc6 12. Ng3 h5 13. Ra2 h4 14. Nh1 Ne7 15. Nf2 Ng6 16. Re2 Bb7 17. Rfe1 Qd7 18. e4 dxe4 19. fxe4 cxd4 20. cxd4 Qxd4 21. Bb2 Qd6 22. e5 Qd5 23. Bxg6 0-1


[Site "https://www.chess.com"]

[Event "Titled Tuesday Blitz December 27 Late 2022"]
[White "Feng, Eric"]
[Black "Sos Andreu, Eric"]
[WhiteFideId "30952590"]
[BlackFideId "22247017"]
[WhiteElo "1951"]
[BlackElo "2352"]
[Result "1-0"]
[Round "03"]
[TimeControl "180+2"]
[Date "2022.12.27"]
[WhiteClock "0:00:29"]
[BlackClock "0:00:06"]

1. d4 Nf6 2. c4 e6 3. Nf3 c5 4. d5 exd5 5. cxd5 d6 6. Nc3 g6 7. g3 Bg7 8. Bg2 O-O 9. O-O a6 10. a4 Re8 11. Re1 Nbd7 12. Bf4 Qe7 13. h3 Nh5 14. Bg5 Qf8 15. e4 h6 16. Bd2 Ne5 17. Nxe5 Bxe5 18. Qc2 f5 19. Ne2 Bg7 20. Bc3 Nf6 21. Nf4 Kh7 22. Ne6 Bxe6 23. dxe6 fxe4 24. Bxf6 Qxf6 25. Rxe4 Rxe6 26. Rae1 Rae8 27. h4 h5 28. Qe2 Rxe4 29. Bxe4 Kh8 30. Qd3 Qd4 31. Qxd4 Bxd4 32. Kf1 Rf8 33. Re2 Kg7 34. Bxb7 Bxb2 35. Rxb2 Rb8 36. a5 Kf6 37. Rb6 Ke5 38. Bxa6 Ra8 39. Ke2 d5 40. Rxg6 Kd4 41. Rd6 Ra7 42. f4 c4 43. Kd2 Rg7 44. f5 Rxg3 45. Bb7 Rg2+ 46. Kc1 Kc3 47. Rxd5 Rc2+ 48. Kd1 Rf2 49. a6 Rf1+ 50. Ke2 Ra1 51. Rc5 Kb4 52. Rc8 c3 53. f6 Ra5 54. f7 Re5+ 55. Kd3 Rf5 56. f8=Q+ Rxf8 57. Rxf8 Kb3 58. Rc8 c2 59. Rxc2 1-0


[Site "https://www.chess.com"]

[Event "Titled Tuesday Blitz December 27 Late 2022"]
[White "Fernandez Garcia, Gumersindo"]
[Black "Krasteva, Beloslava"]
[WhiteFideId "24516740"]
[BlackFideId "2922029"]
[WhiteElo "2160"]
[BlackElo "2220"]
[Result "1-0"]
[Round "03"]
[TimeControl "180+2"]
[Date "2022.12.27"]
[WhiteClock "0:00:06"]
[BlackClock "0:00:02"]

1. e4 c5 2. c3 Qa5 3. Na3 Nc6 4. Nf3 e6 5. Bd3 a6 6. Nc4 Qc7 7. a4 d5 8. exd5 exd5 9. Ne3 Nf6 10. O-O Be6 11. Bf5 O-O-O 12. Bxe6+ fxe6 13. d4 e5 14. dxe5 Nxe5 15. Nxe5 Qxe5 16. Ng4 Qf5 17. Nxf6 gxf6 18. g3 h5 19. Qe2 Bd6 20. Kg2 h4 21. g4 h3+ 22. Kh1 Qd7 23. Qf3 Qc7 24. Be3 Bxh2 25. Bxc5 Be5 26. Bd4 Rdg8 27. Bxe5 fxe5 28. Rg1 Qd7 29. Rad1 e4 30. Qf5 Qxf5 31. gxf5 Rd8 32. f6 Rhf8 33. Rg6 Rd6 34. Kh2 Rdxf6 35. Rxf6 Rxf6 36. Kxh3 Rxf2 37. Rxd5 Rxb2 38. Rd4 e3 39. Kg3 e2 40. Kf2 Rc2 41. Rc4+ 1-0


[Site "https://www.chess.com"]

[Event "Titled Tuesday Blitz December 27 Late 2022"]
[White "Fernandez Hernandez, Gerardo"]
[Black "Battlecruiser_Operational"]
[WhiteFideId "2207400"]
[WhiteElo "2181"]
[BlackElo "2417"]
[Result "0-1"]
[Round "03"]
[TimeControl "180+2"]
[Date "2022.12.27"]
[WhiteClock "0:00:01"]
[BlackClock "0:00:51"]

1. e4 c6 2. d4 d5 3. e5 c5 4. dxc5 e6 5. Be3 Nd7 6. Bb5 Ne7 7. c3 Nc6 8. Nf3 Nxc5 9. O-O Bd7 10. a4 a6 11. Be2 a5 12. Na3 Be7 13. Nb5 O-O 14. Qd2 Nb3 15. Qc2 Nxa1 16. Rxa1 f6 17. exf6 Bxf6 18. Bd3 h6 19. Bc5 Ne7 20. Re1 b6 21. Bd4 Bxb5 22. Bxb5 Qd6 23. Ne5 Nf5 24. Bd3 Nxd4 25. cxd4 Rac8 26. Bh7+ Kh8 27. Qg6 Bxe5 28. dxe5 Qxe5 29. Rd1 Qxb2 30. h3 Qxf2+ 31. Kh1 Rf6 32. Qb1 g6 33. Bxg6 Rg8 0-1


[Site "https://www.chess.com"]

[Event "Titled Tuesday Blitz December 27 Late 2022"]
[White "Finkelstein, Alan"]
[Black "Rangel, Daniel"]
[WhiteFideId "30950961"]
[BlackFideId "2124475"]
[WhiteElo "2152"]
[BlackElo "2207"]
[Result "0-1"]
[Round "03"]
[TimeControl "180+2"]
[Date "2022.12.27"]
[WhiteClock "0:00:37"]
[BlackClock "0:01:41"]

1. d4 Nf6 2. c4 g6 3. g3 Bg7 4. Bg2 O-O 5. Nc3 c5 6. d5 d6 7. Nf3 e6 8. O-O exd5 9. cxd5 Bg4 10. Nd2 Re8 11. Nc4 b5 12. Nxb5 Bxe2 13. Qc2 Bxf1 14. Bxf1 Bf8 15. Bf4 Ne4 16. Re1 a6 17. Rxe4 Rxe4 18. Qxe4 axb5 19. Ne3 Rxa2 20. Bxb5 Rxb2 21. Bd3 Nd7 22. Nc4 Nf6 23. Qf3 Rb3 24. h4 Nh5 25. Bd2 Qf6 26. Qe2 Qd4 27. Bc2 Rxg3+ 0-1


[Site "https://www.chess.com"]

[Event "Titled Tuesday Blitz December 27 Late 2022"]
[White "Firouzja, Alireza"]
[Black "Yuan, Qingyu"]
[WhiteFideId "12573981"]
[BlackFideId "8609772"]
[WhiteElo "2785"]
[BlackElo "2373"]
[Result "1/2-1/2"]
[Round "03"]
[TimeControl "180+2"]
[Date "2022.12.27"]
[WhiteClock "0:00:17"]
[BlackClock "0:00:18"]

1. e4 e5 2. Nf3 Nc6 3. Bb5 Nf6 4. d3 Bc5 5. Bxc6 dxc6 6. Nbd2 Be6 7. O-O Bd6 8. Nb3 Qe7 9. Bg5 h6 10. Bh4 O-O-O 11. Bg3 Nd7 12. Qe1 c5 13. Qc3 f6 14. Nfd2 Nb6 15. a4 Kb8 16. a5 Nd7 17. Nc4 g5 18. f3 h5 19. Bf2 g4 20. Be3 Rdg8 21. f4 h4 22. fxe5 Nxe5 23. Nxe5 Bxe5 24. Qxc5 Qxc5 25. Nxc5 Bc8 26. d4 Bd6 27. Rxf6 Re8 28. d5 Bxc5 29. Bxc5 Rxe4 30. d6 cxd6 31. Bxd6+ Ka8 32. Raf1 h3 33. Rf8 Re8 34. Rxh8 Rxh8 35. gxh3 gxh3 36. Rf7 Be6 37. Re7 Bd5 38. Kf2 a6 39. b3 Rg8 40. c4 Bc6 41. Ke3 Rd8 42. Re6 Re8 43. Be7 Kb8 44. Kd4 Kc8 45. Re5 Kd7 46. Bf6 Rxe5 47. Bxe5 Bg2 48. Bg3 Kc6 49. b4 Bf1 50. Be1 Bg2 51. c5 Bf3 52. Ke3 Bg2 53. Kf4 Kd5 54. Kg3 Kc6 55. Bd2 Kb5 56. Be1 Kc6 57. Bd2 Kb5 58. Be1 Kc6 1/2-1/2


[Site "https://www.chess.com"]

[Event "Titled Tuesday Blitz December 27 Late 2022"]
[White "Fishbein, Alexander"]
[Black "Gorodetzky, David"]
[WhiteFideId "2000377"]
[BlackFideId "2813416"]
[WhiteElo "2366"]
[BlackElo "2485"]
[Result "0-1"]
[Round "03"]
[TimeControl "180+2"]
[Date "2022.12.27"]
[WhiteClock "0:00:01"]
[BlackClock "0:00:07"]

1. d4 Nf6 2. c4 b6 3. Nc3 Bb7 4. Nf3 e6 5. Bg5 Bb4 6. e3 h6 7. Bh4 g5 8. Bg3 Ne4 9. Qc2 Bxc3+ 10. bxc3 d6 11. Bd3 Nxg3 12. hxg3 Nd7 13. c5 bxc5 14. Rb1 Rb8 15. O-O O-O 16. Be4 Bxe4 17. Qxe4 d5 18. Qd3 cxd4 19. exd4 c5 20. c4 cxd4 21. Qxd4 Rxb1 22. Rxb1 Nb6 23. c5 Nc4 24. Ne5 Qf6 25. f4 Rc8 26. Rb7 Nxe5 27. fxe5 Qg7 28. g4 Qf8 29. c6 Rxc6 30. Qxa7 Qc5+ 31. Qxc5 Rxc5 32. a4 Rc4 33. a5 Rxg4 34. a6 Ra4 35. a7 Kg7 36. Kf2 h5 37. Kf3 h4 38. Kf2 g4 39. Rd7 Kg6 40. Rb7 Ra2+ 41. Ke3 Ra3+ 42. Kd4 h3 43. gxh3 gxh3 44. Rb3 Rxa7 45. Rxh3 Rc7 46. Rg3+ Kf5 47. Rf3+ Kg4 48. Rf1 Rc4+ 49. Kd3 Rf4 50. Rg1+ Kf5 51. Re1 Rg4 52. Rf1+ Kxe5 53. Rxf7 Rg3+ 54. Kd2 Ke4 55. Rh7 Rg2+ 56. Ke1 e5 57. Rh3 Ra2 58. Rb3 d4 59. Rh3 Kd5 60. Kd1 e4 61. Rh8 e3 62. Rd8+ Ke4 63. Re8+ Kd3 64. Kc1 e2 65. Kb1 Rd2 0-1


[Site "https://www.chess.com"]

[Event "Titled Tuesday Blitz December 27 Late 2022"]
[White "Gahan, M G"]
[Black "Vasquez Schroeder, Rodrigo"]
[WhiteFideId "5027373"]
[BlackFideId "3400042"]
[WhiteElo "2247"]
[BlackElo "2524"]
[Result "0-1"]
[Round "03"]
[TimeControl "180+2"]
[Date "2022.12.27"]
[WhiteClock "0:00:31"]
[BlackClock "0:01:18"]

1. e4 c5 2. c3 Nf6 3. e5 Nd5 4. d4 cxd4 5. cxd4 d6 6. Nf3 Nc6 7. Bc4 dxe5 8. dxe5 Ndb4 9. Qb3 e6 10. O-O Na5 11. Bb5+ Bd7 12. Qa4 Bxb5 13. Qxb5+ Nac6 14. Nc3 a6 15. Qa4 b5 16. Qd1 Qxd1 17. Rxd1 Rd8 18. Bg5 Be7 19. Rxd8+ Nxd8 20. Rd1 Nbc6 21. Ne4 h6 22. Bxe7 Kxe7 23. Nc5 Nb8 24. b4 Ndc6 25. a3 Rd8 26. Rxd8 Kxd8 27. Kf1 Kc7 28. Ke2 a5 29. Nd3 axb4 30. axb4 Na6 31. Ke3 Ncxb4 32. Nf4 g6 33. Nd4 Kb6 34. g4 Nc7 35. Ke4 Nc6 36. Nb3 Na6 37. Nd3 Ncb4 38. Nxb4 Nxb4 39. f4 Nc6 40. h4 b4 41. h5 gxh5 42. gxh5 Ne7 43. Kd4 Kb5 44. Nd2 Nf5+ 45. Kd3 Ng3 46. Nf3 Nxh5 47. Nd4+ Kc5 48. Ke4 Nxf4 49. Nb3+ Kc4 50. Na5+ Kb5 51. Nb7 b3 52. Nd6+ Kb4 53. Kxf4 b2 0-1


[Site "https://www.chess.com"]

[Event "Titled Tuesday Blitz December 27 Late 2022"]
[White "Garcia Cuenca, Victor"]
[Black "Goltseva, Ekaterina"]
[WhiteFideId "2250829"]
[BlackFideId "24173770"]
[WhiteElo "2324"]
[BlackElo "2283"]
[Result "0-1"]
[Round "03"]
[TimeControl "180+2"]
[Date "2022.12.27"]
[WhiteClock "0:00:12"]
[BlackClock "0:00:14"]

1. d4 Nf6 2. Nf3 d5 3. Bf4 c5 4. e3 Nc6 5. Nbd2 Bg4 6. c4 cxd4 7. exd4 Nxd4 8. cxd5 Nxd5 9. Qa4+ Nc6 10. Bg3 Bd7 11. Qb3 e6 12. Be2 Qb6 13. Qc2 Be7 14. O-O O-O 15. Nc4 Qd8 16. Rad1 b5 17. Nce5 Rc8 18. Qb3 Na5 19. Qd3 Nc4 20. Qb1 Bf6 21. Nxc4 bxc4 22. Ne5 Bb5 23. Qe4 Qa5 24. Nxc4 Qxa2 25. Ra1 Qb3 26. Ra3 Qb4 27. Bd6 Rxc4 28. Bxc4 Qxc4 29. Qxc4 Bxc4 30. Bxf8 Bxf1 31. Kxf1 Kxf8 32. Rxa7 Bxb2 33. Rb7 Be5 34. g3 g6 35. Kg2 Kg7 36. Ra7 h5 37. Rb7 Kf6 38. h3 Bd4 39. Rd7 Bc5 40. Rb7 Nc3 41. Rc7 Bd4 42. Rc4 e5 43. Rc6+ Kg7 44. Rc7 Nd1 45. f3 Ne3+ 46. Kh2 Nd5 47. Rd7 Nc3 48. Kg2 Kf6 49. h4 Ke6 50. Ra7 Bxa7 0-1


[Site "https://www.chess.com"]

[Event "Titled Tuesday Blitz December 27 Late 2022"]
[White "Garcia, Gabriel Gonzaga"]
[Black "Bach, Matthias"]
[WhiteFideId "2138956"]
[BlackFideId "4603168"]
[WhiteElo "2091"]
[BlackElo "2214"]
[Result "1-0"]
[Round "03"]
[TimeControl "180+2"]
[Date "2022.12.27"]
[WhiteClock "0:00:58"]
[BlackClock "0:00:45"]

1. e4 e5 2. Nf3 Nc6 3. Bc4 Nf6 4. d3 d6 5. c3 Be6 6. Nbd2 Be7 7. O-O Qd7 8. Re1 h6 9. d4 exd4 10. cxd4 d5 11. exd5 Nxd5 12. Ne5 Nxe5 13. dxe5 Nf4 14. Bxe6 Nxe6 15. Ne4 Qxd1 16. Rxd1 Rd8 17. Be3 a6 18. Rac1 Rd7 19. Kf1 Kd8 20. Ke2 Rxd1 21. Kxd1 Kc8 22. f4 Rd8+ 23. Ke2 Nd4+ 24. Kf2 Kb8 25. g4 g6 26. Rc4 Nc6 27. Ke2 Rd5 28. Bc5 Bxc5 29. Nxc5 Nd4+ 30. Ke3 Ne6 31. Nxe6 fxe6 32. Rd4 Kc8 33. Rxd5 exd5 34. Kd4 c6 35. h4 Kd7 36. f5 gxf5 37. g5 hxg5 38. h5 g4 39. h6 g3 40. Ke3 d4+ 41. Kf3 d3 42. h7 d2 43. Ke2 g2 44. h8=Q d1=Q+ 45. Kxd1 g1=Q+ 46. Ke2 Qg4+ 47. Kd2 Qd4+ 48. Kc2 Qc4+ 49. Kb1 Qd3+ 50. Kc1 Qe3+ 51. Kc2 f4 52. Qg7+ Ke6 53. Qf6+ Kd5 54. Qd6+ Ke4 55. e6 Qe2+ 56. Kc3 Qe3+ 57. Kc2 Qd2+ 58. Qxd2 1-0


[Site "https://www.chess.com"]

[Event "Titled Tuesday Blitz December 27 Late 2022"]
[White "Gasanov, Eldar"]
[Black "Fisher_TheGalactic"]
[WhiteFideId "14104466"]
[WhiteElo "2481"]
[BlackElo "2477"]
[Result "1-0"]
[Round "03"]
[TimeControl "180+2"]
[Date "2022.12.27"]
[WhiteClock "0:00:56"]
[BlackClock "0:00:44"]

1. d4 d5 2. c4 e6 3. Nf3 Nf6 4. e3 Be7 5. a3 O-O 6. b4 c6 7. Bb2 Nbd7 8. Nbd2 Ne4 9. Bd3 f5 10. O-O Bd6 11. Qc2 Qe7 12. Ne5 Nxe5 13. dxe5 Bc7 14. Nb3 Ng5 15. b5 Bd7 16. a4 Rac8 17. Ba3 Qf7 18. Bxf8 Rxf8 19. f4 Ne4 20. cxd5 exd5 21. Nd4 Bb6 22. a5 Bxd4 23. exd4 cxb5 24. a6 b6 25. Qc7 Be8 26. Rfc1 b4 27. Qb7 Nc3 28. Rc2 Bb5 29. Rxc3 bxc3 30. Bxb5 Qh5 31. Qxd5+ Kh8 32. Qc4 Qg4 33. d5 c2 34. Qxc2 Qxf4 35. Qc3 Qe4 36. d6 f4 37. Re1 Qd5 38. Qc4 Qd2 39. Qe2 Qd4+ 40. Qf2 Qd5 41. Bf1 f3 42. gxf3 1-0


[Site "https://www.chess.com"]

[Event "Titled Tuesday Blitz December 27 Late 2022"]
[White "Gascon Del Nogal, Jose Rafael"]
[Black "Prieto Aranguren, Alain"]
[WhiteFideId "3902463"]
[BlackFideId "2268906"]
[WhiteElo "2459"]
[BlackElo "2258"]
[Result "1-0"]
[Round "03"]
[TimeControl "180+2"]
[Date "2022.12.27"]
[WhiteClock "0:00:30"]
[BlackClock "0:00:59"]

1. e4 c6 2. Nf3 d5 3. d3 g6 4. h3 Bg7 5. e5 c5 6. c3 Nc6 7. d4 cxd4 8. cxd4 Bf5 9. a3 Qb6 10. Nc3 e6 11. Na4 Qd8 12. Be2 Nge7 13. O-O O-O 14. Bg5 f6 15. exf6 Bxf6 16. Bxf6 Rxf6 17. Nc5 Qc7 18. Rc1 Raf8 19. Ne5 Qd6 20. Ncd7 Nxe5 21. dxe5 Qxd7 22. exf6 Rxf6 23. Qd4 Rf7 24. Qxa7 Nc6 25. Qc5 e5 26. Bb5 Bxh3 27. gxh3 Qxh3 28. Qxd5 Kg7 29. Rc3 1-0


[Site "https://www.chess.com"]

[Event "Titled Tuesday Blitz December 27 Late 2022"]
[White "Gatterer, Florian"]
[Black "Gurevich, Dmitry"]
[WhiteFideId "811688"]
[BlackFideId "2000407"]
[WhiteElo "2170"]
[BlackElo "2393"]
[Result "0-1"]
[Round "03"]
[TimeControl "180+2"]
[Date "2022.12.27"]
[WhiteClock "0:00:05"]
[BlackClock "0:00:05"]

1. b3 d5 2. Nf3 c5 3. e3 Nc6 4. Bb2 f6 5. d4 Nh6 6. c4 e6 7. cxd5 exd5 8. Nc3 cxd4 9. Nxd4 Be7 10. Bb5 Qd7 11. Qf3 a6 12. Be2 Nxd4 13. exd4 Bb4 14. O-O Bxc3 15. Bxc3 O-O 16. Bd3 b5 17. Bb4 Re8 18. Rfe1 Bb7 19. h3 Nf7 20. Qh5 Ng5 21. Rxe8+ Rxe8 22. Re1 Rxe1+ 23. Bxe1 Ne4 24. f3 g6 25. Qh6 Nd6 26. Bb4 f5 27. Qf4 Nf7 28. h4 Kg7 29. Kh2 h5 30. Bc5 Bc8 31. Qe3 Qe6 32. Qxe6 Bxe6 33. a4 Bd7 34. axb5 Bxb5 35. Bxb5 axb5 36. Kg3 Nd8 37. Kf4 Kf6 38. g3 Ne6+ 39. Ke3 f4+ 40. gxf4 Ng7 41. Kf2 Nf5 42. Bb6 Ke7 43. Bc5+ Kd7 44. b4 Nxh4 45. Ke2 Nf5 46. Kf2 Ke6 47. Kg2 Nh6 48. Kh3 Kf5 49. Kg3 Nf7 50. Bb6 Nd6 51. Bc5 Ne8 52. Bb6 Ng7 53. Bc5 Ne6 54. Bd6 Nxd4 55. Be5 Ne2+ 56. Kf2 Nxf4 57. Bd6 Ne6 58. Ke3 g5 59. Kd3 h4 60. Ke3 h3 61. Kf2 Nf4 62. Kg3 d4 63. Bc5 d3 64. Be3 Ke5 65. Kg4 h2 66. Kxg5 Ng2 67. Bf4+ Nxf4 68. Kg4 h1=Q 0-1


[Site "https://www.chess.com"]

[Event "Titled Tuesday Blitz December 27 Late 2022"]
[White "Gerbelli Neto, Eduardo"]
[Black "Kavutskiy, Konstantin"]
[WhiteFideId "2103281"]
[BlackFideId "2026384"]
[WhiteElo "2114"]
[BlackElo "2414"]
[Result "1-0"]
[Round "03"]
[TimeControl "180+2"]
[Date "2022.12.27"]
[WhiteClock "0:00:09"]
[BlackClock "0:00:07"]

1. e4 Nc6 2. d4 d6 3. Nf3 Nf6 4. Nc3 g6 5. Bb5 a6 6. Bxc6+ bxc6 7. e5 Nd7 8. e6 fxe6 9. Ng5 Nf6 10. Qe2 Bg7 11. Nxe6 Bxe6 12. Qxe6 Qd7 13. Qxd7+ Nxd7 14. Be3 Rb8 15. O-O-O O-O 16. Rhe1 Nb6 17. b3 c5 18. f3 cxd4 19. Bxd4 Bxd4 20. Rxd4 e5 21. Rd2 Rf4 22. Nd5 Nxd5 23. Rxd5 Kf7 24. c4 Ke6 25. Red1 g5 26. c5 Rb5 27. Kb2 g4 28. fxg4 Rxg4 29. g3 Rxc5 30. Rxc5 dxc5 31. Rc1 Kd6 32. Rf1 Re4 33. Rf2 Kd5 34. Kc3 Re3+ 35. Kd2 Kd4 36. Rf7 Rd3+ 37. Kc2 e4 38. Rxh7 Ke3 39. Rxc7 Rd2+ 40. Kc3 Rxh2 41. Rxc5 Rxa2 42. g4 Kf2 43. g5 e3 44. g6 e2 45. Rf5+ Kg3 46. Re5 Kf4 47. Re8 Ra1 48. Rxe2 Rg1 49. Re6 a5 50. Kc4 Kf5 51. Ra6 Ke4 52. Kb5 Rg5+ 53. Ka4 Kd4 54. Rb6 Kc3 55. Rc6+ Kb2 56. Ra6 Kc3 57. Rxa5 Rg4+ 58. Ka3 Rxg6 59. Rc5+ Kd4 60. b4 Ra6+ 61. Kb3 Ra8 62. Rc1 Kd5 63. b5 Kd6 64. Kb4 1-0


[Site "https://www.chess.com"]

[Event "Titled Tuesday Blitz December 27 Late 2022"]
[White "Goltsev, Dmitry"]
[Black "Baskakov, Egor"]
[WhiteFideId "24176710"]
[BlackFideId "24197866"]
[WhiteElo "2269"]
[BlackElo "2215"]
[Result "0-1"]
[Round "03"]
[TimeControl "180+2"]
[Date "2022.12.27"]
[WhiteClock "0:00:02"]
[BlackClock "0:00:10"]

1. e4 c5 2. Nf3 Nf6 3. d4 Nxe4 4. dxc5 Nxc5 5. b3 Nc6 6. Bb2 d5 7. Be2 Bg4 8. O-O e6 9. h3 Bh5 10. Nbd2 Qc7 11. Re1 f6 12. c4 dxc4 13. Bxc4 e5 14. Nxe5 Bxd1 15. Nxc6+ Kd7 16. Raxd1 Kxc6 17. b4 Rd8 18. bxc5 Bxc5 19. Ne4 Rxd1 20. Rxd1 Rd8 21. Rc1 b6 22. Be2 Qf4 23. Bf3 Kd7 24. Rc4 Ke7 25. Be2 Qc7 26. Ba3 Rd5 27. Bf3 Re5 28. g3 Kf7 29. Nxc5 bxc5 30. Kg2 Qa5 31. Bb2 Qxa2 32. Rc2 Qb3 33. Rd2 c4 34. Bxe5 fxe5 35. g4 Ke7 36. Bd5 Qb4 37. Rd1 c3 38. Bf3 c2 39. Rd5 Qc3 40. Rxe5+ Qxe5 0-1


[Site "https://www.chess.com"]

[Event "Titled Tuesday Blitz December 27 Late 2022"]
[White "Goncalves, Davi Sulzbacher"]
[Black "Kaganskiy, Gleb"]
[WhiteFideId "2154510"]
[BlackFideId "4132025"]
[WhiteElo "2282"]
[BlackElo "2205"]
[Result "1-0"]
[Round "03"]
[TimeControl "180+2"]
[Date "2022.12.27"]
[WhiteClock "0:00:29"]
[BlackClock "0:00:24"]

1. b3 e5 2. Bb2 Nc6 3. e3 d5 4. Bb5 Bd6 5. Nf3 f6 6. c4 Be6 7. cxd5 Bxd5 8. Nc3 Be6 9. d4 exd4 10. Nxd4 Bd7 11. Nxc6 bxc6 12. Bc4 Nh6 13. Qh5+ Kf8 14. Ne4 Bb4+ 15. Kf1 Qe8 16. Nxf6 Qxh5 17. Nxh5 Nf5 18. e4 Be8 19. Nf4 Nd6 20. Ne6+ Ke7 21. Nxg7 Rf8 22. Bd3 Bg6 23. f3 Bxe4 24. Ke2 Bxd3+ 25. Kxd3 Rad8 26. Rhe1+ Bxe1 27. Rxe1+ Kf7 28. Ne6 Ne4+ 29. Kc4 Kxe6 30. Rxe4+ Kf7 31. Rh4 Kg6 32. Rg4+ Kf5 33. Rg7 Rg8 34. g4+ Kf4 35. Rf7+ Ke3 36. h4 Rd1 37. g5 Rf1 38. Bd4+ Kd2 39. f4 Rc1+ 40. Kb4 Rb8+ 41. Ka3 Rh1 42. Rxc7 Rxh4 43. Be5 Rh1 44. Rd7+ Kc2 45. Bxb8 Rf1 46. Be5 Rf3 47. Rxa7 c5 48. Rxh7 c4 49. Rc7 c3 50. g6 Kd3 51. Rxc3+ Ke2 52. Rxf3 Kxf3 53. g7 Kg4 54. g8=Q+ Kf5 55. Qf7+ Ke4 56. Bh8 Kf3 57. f5 Ke4 58. f6 Kd3 59. Kb4 Kc2 60. a4 Kb1 61. a5 Ka2 62. a6 Kb1 63. a7 Ka2 64. Qh5 Kb1 65. Qe2 Kc1 66. Kc4 Kb1 67. b4 Kc1 68. b5 Kb1 69. b6 Kc1 70. b7 Kb1 71. Bg7 Kc1 72. Bh6+ Kb1 73. Qd2 Ka1 74. f7 Kb1 75. f8=Q Ka1 76. Qc8 Kb1 77. Kd5 Ka1 78. Ke6 Kb1 79. Ke7 Ka1 80. Ke8 Kb1 81. b8=Q+ Ka1 82. a8=Q# 1-0


[Site "https://www.chess.com"]

[Event "Titled Tuesday Blitz December 27 Late 2022"]
[White "Grigoriants, Sergey"]
[Black "Gritsenko, Nikolai"]
[WhiteFideId "4130804"]
[BlackFideId "14112493"]
[WhiteElo "2562"]
[BlackElo "2309"]
[Result "0-1"]
[Round "03"]
[TimeControl "180+2"]
[Date "2022.12.27"]
[WhiteClock "0:00:04"]
[BlackClock "0:00:09"]

1. d4 d5 2. c4 Nc6 3. Nc3 e6 4. cxd5 exd5 5. Bf4 Bd6 6. Bg3 Nce7 7. e3 c6 8. Bd3 Nf6 9. Qc2 O-O 10. Nf3 Bg4 11. Ne5 Bh5 12. f4 c5 13. O-O c4 14. Be2 Bxe2 15. Qxe2 Nf5 16. Be1 Bb4 17. g4 Bxc3 18. bxc3 Nd6 19. Bh4 Re8 20. f5 Qa5 21. g5 Nfe4 22. g6 f6 23. gxh7+ Kxh7 24. Qh5+ Kg8 25. Kh1 Qxc3 26. Rg1 Qxe3 27. Rxg7+ Kxg7 28. Rg1+ Qxg1+ 29. Kxg1 Rg8 30. Ng6 c3 31. Bf2 Nc4 32. Nf4 Rae8 33. Ne6+ Rxe6 34. fxe6 c2 0-1


[Site "https://www.chess.com"]

[Event "Titled Tuesday Blitz December 27 Late 2022"]
[White "Gubajdullin, Alexei"]
[Black "Grekh, Andrey"]
[WhiteFideId "4141202"]
[BlackFideId "14112418"]
[WhiteElo "2285"]
[BlackElo "2393"]
[Result "1-0"]
[Round "03"]
[TimeControl "180+2"]
[Date "2022.12.27"]
[WhiteClock "0:02:26"]
[BlackClock "0:01:38"]

1. d4 Nf6 2. Nf3 e6 3. Bf4 Be7 4. e3 O-O 5. h3 b6 6. Nbd2 Bb7 7. Be2 d6 8. O-O Nbd7 9. a4 Re8 10. a5 Bf8 11. a6 Bc6 12. c4 Rc8 13. b4 Ba8 14. Bh2 e5 15. d5 e4 16. Nd4 Ne5 17. b5 g6 18. Ra3 Bg7 19. f4 exf3 20. gxf3 Bxd5 21. cxd5 Nxd5 22. f4 Nd7 23. Nc6 Qh4 24. Nf3 Qxh3 25. Qxd5 Nf6 26. Qxf7+ 1-0


[Site "https://www.chess.com"]

[Event "Titled Tuesday Blitz December 27 Late 2022"]
[White "Guseinov, Gadir"]
[Black "Senthil, Maran K"]
[WhiteFideId "13401378"]
[BlackFideId "25035681"]
[WhiteElo "2661"]
[BlackElo "2209"]
[Result "1-0"]
[Round "03"]
[TimeControl "180+2"]
[Date "2022.12.27"]
[WhiteClock "0:01:24"]
[BlackClock "0:00:03"]

1. e4 c6 2. d4 d5 3. Nd2 dxe4 4. Nxe4 Qd5 5. Bd3 Qxd4 6. Nf3 Qd8 7. Qe2 Nf6 8. Neg5 Bg4 9. Bf4 Bxf3 10. Nxf3 e6 11. O-O-O Qa5 12. Kb1 Nbd7 13. Rhe1 Be7 14. Ng5 O-O 15. Bd2 Qb6 16. Bc3 Bb4 17. Bxb4 Qxb4 18. Nxh7 Nxh7 19. Bxh7+ Kxh7 20. Rxd7 Rad8 21. c3 Qf4 22. Qd3+ Qf5 23. Qxf5+ exf5 24. Ree7 Rxd7 25. Rxd7 Kg6 26. Rxb7 Re8 27. Rxa7 Re2 28. a4 Rxf2 29. a5 Rxg2 30. Rd7 f4 31. a6 Rxh2 32. a7 Rh8 33. Kc2 f3 34. Kd3 Re8 35. Kc2 f2 36. Rd1 Re1 37. a8=Q Rxd1 38. Qxc6+ Kh7 39. Qe4+ g6 40. Qh4+ Kg7 41. Qxf2 Rd6 42. b4 Re6 43. b5 g5 44. b6 Rf6 45. Qd4 g4 46. b7 g3 47. b8=Q 1-0


[Site "https://www.chess.com"]

[Event "Titled Tuesday Blitz December 27 Late 2022"]
[White "Huber, Benedikt"]
[Black "Theodorou, Nikolas"]
[WhiteFideId "12923583"]
[BlackFideId "4262875"]
[WhiteElo "2272"]
[BlackElo "2591"]
[Result "0-1"]
[Round "03"]
[TimeControl "180+2"]
[Date "2022.12.27"]
[WhiteClock "0:00:16"]
[BlackClock "0:01:38"]

1. d4 Nf6 2. Nc3 d5 3. Bf4 g6 4. e3 Bg7 5. Nb5 Na6 6. h3 O-O 7. Nf3 Ne4 8. Bd3 c6 9. Nc3 Nxc3 10. bxc3 Qa5 11. O-O Qxc3 12. Rb1 Qa5 13. c4 b6 14. cxd5 Qxd5 15. Qa4 b5 16. Qc2 Bb7 17. a4 Rac8 18. Qe2 Nc7 19. Bxc7 Rxc7 20. axb5 c5 21. dxc5 Qxc5 22. Nd2 Rd8 23. Ne4 Qa3 24. Rfd1 Rcd7 25. Bc2 h6 26. Ra1 Bxa1 0-1


[Site "https://www.chess.com"]

[Event "Titled Tuesday Blitz December 27 Late 2022"]
[White "Ibadov, Dashgyn"]
[Black "Kunin, Vitaly"]
[WhiteFideId "24107514"]
[BlackFideId "4128737"]
[WhiteElo "2391"]
[BlackElo "2517"]
[Result "1-0"]
[Round "03"]
[TimeControl "180+2"]
[Date "2022.12.27"]
[WhiteClock "0:00:19"]
[BlackClock "0:00:07"]

1. e4 c5 2. Nc3 Nc6 3. Bb5 Nd4 4. Nf3 Nxb5 5. Nxb5 d5 6. exd5 a6 7. Nc3 Nf6 8. d4 Nxd5 9. dxc5 Nxc3 10. Qxd8+ Kxd8 11. bxc3 f6 12. Be3 e5 13. Rb1 Kc7 14. Nd2 Be6 15. a4 Be7 16. Nb3 Rad8 17. Na5 Bc8 18. c6 Rd5 19. cxb7 Bd7 20. c4 Rxa5 21. Bb6+ Kxb7 22. Bxa5+ Ka8 23. O-O Bxa4 24. Bb4 Bxb4 25. Rxb4 Bxc2 26. Rb6 Ka7 27. Rd6 Rb8 28. Ra1 Rb1+ 29. Rxb1 Bxb1 30. Kf1 a5 31. Ke2 a4 32. Kd2 a3 33. Kc3 Ba2 34. c5 Kb7 35. Kb4 Be6 36. Kxa3 Bf5 37. Kb4 Kc7 38. Ra6 Be4 39. Ra7+ Kc6 40. Rxg7 f5 41. f3 Bd5 42. Rxh7 e4 43. Rh6+ Kc7 44. fxe4 fxe4 45. Kc3 e3 46. g3 Be4 47. Re6 e2 48. Rxe4 e1=Q+ 49. Rxe1 1-0


[Site "https://www.chess.com"]